 Dungeon Crawl Stone Soup version 0.26.0-45-g9c1d065592 (webtiles) character file.

Game seed: 9023244636459088539

788 kaeus the Sneak (level 7, 0/49 HPs)
             Began as an Octopode Fighter on Jan 28, 2021.
             Slain by a gnoll
             ... wielding a +0 halberd
              (4 damage)
             ... on level 5 of the Dungeon.
             The game lasted 00:05:24 (5124 turns).

kaeus the Sneak (Octopode Fighter)                  Turns: 5124, Time: 00:05:25

Health: 0/49       AC:  1    Str: 15 (16) XL:     7   Next: 87%
Magic:  0/7        EV:  6    Int:  7 (10) God:
Gold:   296        SH:  0    Dex:  6 (13) Spells: 6/6 levels left

rFire    . . .     SeeInvis .   t - +0 dagger
rCold    . . .     Faith    .   b - +2 kite shield
rNeg     . . .     Spirit   +   (helmet restricted)
rPois    .         Reflect  .   q - amulet of guardian spirit
rElec    .         Harm     .   p - ring of resist corrosion
rCorr    +         Rampage  .   d - ring of stealth
Will     .....                  (no ring)
Stlth    +++++.....             (no ring)
HPRegen  0.16/turn              (no ring)
MPRegen  0.10/turn              (no ring)
                                (no ring)
                                (no ring)

@: held
A: almost no armour, stealthy swim, amphibious, 8 rings, constrict 8, camouflage
1, gelatinous body 1
a: no special abilities


You were on level 5 of the Dungeon.
You visited 1 branch of the dungeon, and saw 5 of its levels.

You collected 296 gold pieces.

Inventory:

Hand Weapons
 t - a +0 dagger (weapon)
Armour
 b - a +2 kite shield (worn)
Jewellery
 d - a ring of stealth (right tentacle)
 p - a ring of resist corrosion (left tentacle)
 q - an amulet of guardian spirit (around mantle)
Wands
 l - a wand of disintegration (13)
 r - a wand of random effects (27)
Scrolls
 h - 2 scrolls of enchant weapon
 k - 2 scrolls of magic mapping
 m - 2 scrolls of teleportation
 n - 3 scrolls of amnesia
 o - 2 scrolls of remove curse
Potions
 c - 2 potions of might
 e - 10 potions of curing
 f - a potion of heal wounds {unknown}
 g - 2 potions of degeneration
 i - a potion of mutation {unknown}
 j - a potion of brilliance {unknown}


   Skills:
 + Level 4.8 Fighting
 + Level 4.2 Short Blades
 - Level 3.0 Dodging
 * Level 7.5 Stealth
 + Level 4.8 Shields


You had 6 spell levels left.
You didn't know any spells.
Your spell library was empty.

Dungeon Overview and Level Annotations

Branches:
Dungeon (5/15)
 Temple: D:4-7

Altars:
Elyvilon
Fedhas
Kikubaaqudgha
Nemelex Xobeh
Yredelemnul


Innate Abilities, Weirdness & Mutations

You cannot wear most types of armour.
You are very stealthy in the water. (Stealth+)
You are amphibious.
You can wear up to eight rings at the same time.
You can use your tentacles to constrict eight enemies at once.
Your skin changes colour to match your surroundings (Stealth+).
Your rubbery body absorbs attacks. (AC +1, EV +1)


Message History

You struggle against the net.
You constrict the gnoll.
The gnoll hits you from afar with a +0 halberd!
The gnoll hits you with a +0 halberd!
You take 22 damage, and have 27/49 hp.
MASSIVE DAMAGE!!
You now have 3/7 mp.
You struggle against the net.
You constrict the gnoll.
You kill the gnoll!
The gnoll hits you with a +0 flail!
The gnoll hits you from afar with a +0 halberd!
* * * LOW HITPOINT WARNING * * *
You take 17 damage, and have 10/49 hp.
MASSIVE DAMAGE!!
You now have 0/7 mp.
You struggle against the net.
The gnoll hits you with a +0 flail.
* * * LOW HITPOINT WARNING * * *
The gnoll hits you from afar with a +0 halberd.
* * * LOW HITPOINT WARNING * * *
You take 6 damage, and have 4/49 hp.
It was a potion of degeneration.
There was something very wrong with that liquid.
You feel weakened.
You feel dopey.
You feel clumsy.
The gnoll hits you from afar with a +0 halberd.
You die...

#####.# ......
....#####
#..#... ####.#.#
#......# #
#.###.g###.#
###.)#<..# #
#...g@.#.#
......##.#.#...
......##.#.#.###
...........#.#
########
.....####..#o#
#.#......# ....
+.....#.#
#.#.####.# ....
####.##.# #.#.#
#.# #.....#.#
#.#.# #.#
#.#.#.#.#
#.#.####.#


You could see 2 gnolls.

Vanquished Creatures
  Sigmund (D:4)
  3 ogres
  A quasit (D:4)
  An orc priest (D:5)
  An orc wizard (D:5)
  Crazy Yiuf (D:4)
  2 hounds (D:4)
  An iguana (D:5)
  A worker ant (D:5)
  2 gnolls
  3 adders
  An ooze (D:3)
  4 worms
  A dart slug (D:3)
  5 leopard geckos
  11 orcs
  4 giant cockroaches
  4 goblins
  11 hobgoblins
  6 jackals
  3 kobolds
  2 quokkas (D:3)
  A ball python (D:1)
  9 bats
  5 frilled lizards
  A jackal skeleton (D:4)
  4 rats
89 creatures vanquished.

Vanquished Creatures (others)
  8 withered plants (D:3)
8 creatures vanquished.

Grand Total: 97 creatures vanquished

Notes
Turn   | Place    | Note
-------+----------+-------------------------------------------
     0 | D:1      | kaeus the Octopode Fighter began the quest for the Orb.
     0 | D:1      | Reached XP level 1. HP: 16/16 MP: 1/1
   228 | D:1      | Reached skill level 1 in Stealth
   369 | D:1      | Reached XP level 2. HP: 21/21 MP: 2/2
   927 | D:2      | Reached skill level 2 in Stealth
  1201 | D:2      | Reached XP level 3. HP: 16/26 MP: 3/3
  1584 | D:2      | Reached skill level 3 in Stealth
  1693 | D:2      | Found a blossoming altar of Fedhas.
  1705 | D:2      | Found a white marble altar of Elyvilon.
  1773 | D:3      | Reached XP level 4. HP: 31/31 MP: 4/4
  1808 | D:3      | Found a basalt altar of Yredelemnul.
  1952 | D:3      | Found a sparkling altar of Nemelex Xobeh.
  2484 | D:3      | Found an ancient bone altar of Kikubaaqudgha.
  2780 | D:4      | Reached XP level 5. HP: 32/36 MP: 5/5
  2839 | D:4      | Noticed Sigmund
  2846 | D:4      | Killed Sigmund
  2847 | D:4      | Reached skill level 5 in Stealth
  2847 | D:4      | Reached XP level 6. HP: 30/43 MP: 3/6
  3404 | D:4      | Reached skill level 6 in Stealth
  3552 | D:4      | Found a runed translucent door.
  3553 | D:4      | Noticed Crazy Yiuf
  3637 | D:4      | Reached XP level 7. HP: 49/49 MP: 7/7
  3702 | D:4      | Killed Crazy Yiuf
  4098 | D:5      | Entered Level 5 of the Dungeon
  4174 | D:5      | Reached skill level 7 in Stealth
  5124 | D:5      | Slain by a gnoll

Illustrated notes

Levels and vault maps discovered:
D:1:      lightli_arrival_quake, layout_basic, serial_forest,
          infiniplex_forest_clump_C, infiniplex_forest_split,
          infiniplex_forest_lined_corner, infiniplex_forest_straight_5
D:2:      layout_loops_cross, amethyst_overflow_temple_binary,
          chequers_serial_rivers_room_b
D:3:      kb_forest_paths, layout_basic, yredelemnul_altar_generic,
          nemelex_xobeh_ov_fountains_minmay, kiku_gazebo_garden_becter,
          corexii_leaking_fountain
D:4:      layout_loops_corners, minmay_misc_feat_more_columns, sigmund_army,
          uniq_crazy_yiuf_cottage, uniq_sigmund
D:5:      layout_basic, ebering_ghost_sewer_f, kennysheep_generic_room_10

Skill      XL: |  1  2  3  4  5  6  7 |
---------------+----------------------+-----
Stealth        | 1 2 3 5 6 7 |  7.5
Fighting       | 4 |  4.8
Short Blades   | 3 4 |  4.2
Shields        | 4 |  4.8
Dodging        | |  3.0

Action                   |  1- 3 |  4- 6 |  7- 9 || total
-------------------------+-------+-------+-------++-------
Melee: Rapier            |    53 |    75 |    37 ||   165
       Tentacles         |    12 |    20 |     6 ||    38
       Constrict         |    14 |    17 |    11 ||    42
       Dagger            |       |       |     6 ||     6
  Use: Scroll            |       |     9 |     1 ||    10
       Potion            |       |       |     1 ||     1
 Stab: Sleeping          |     9 |     6 |     2 ||    17
Armor: Skin              |     7 |     4 |     2 ||    13
Dodge: Dodged            |    18 |    28 |    22 ||    68
Block: Kite shield       |    18 |    32 |    39 ||    89
